 Dungeon Crawl Stone Soup version 0.27-a0-1188-g73eefd5def (webtiles) character file.

Game seed: 10987544418193270761

286 Froggeryz the Chopper (level 6, -5/51 HPs)
             Began as a Draconian Berserker on May 22, 2021.
             Was a Priest of Trog.
             Slain by a wyvern zombie (12 damage)
             ... on level 6 of the Dungeon.
             The game lasted 00:03:55 (1720 turns).

Froggeryz the Chopper (Draconian Berserker)         Turns: 1720, Time: 00:03:56

Health: -5/51      AC:  6    Str: 21    XL:     6   Next: 8%
Magic:  6/6        EV: 12    Int:  7    God:    Trog [***...]
Gold:   84         SH:  0    Dex: 11    Spells: 5/5 levels left

rFire    . . .     SeeInvis .   a - +0 hand axe
rCold    . . .     Faith    .   (no shield)
rNeg     . . .     Spirit   .   (armour unavailable)
rPois    .         Reflect  .   (helmet restricted)
rElec    .         Harm     .   (no cloak)
rCorr    .         Rampage  .   (no gloves)
Will     .....                  (no boots)
Stlth    +.........             (no amulet)
HPRegen  0.17/turn              (no ring)
MPRegen  0.10/turn              (no ring)

@: on berserk cooldown, slowed, very slow
A: AC +6, unfitting armour, cold-blooded
a: Renounce Religion, Berserk, Trog's Hand


You were on level 6 of the Dungeon.
You worshipped Trog.
Trog was most pleased with you.
You visited 1 branch of the dungeon, and saw 4 of its levels.

You collected 84 gold pieces.

Inventory:

Hand Weapons
 a - a +0 hand axe (weapon)
Armour
 d - a +2 buckler
Scrolls
 b - a scroll of identify
 e - 2 scrolls of enchant armour {unknown}
 f - a scroll of blinking {unknown}
 g - a scroll of brand weapon {unknown}
Potions
 c - a potion of curing


   Skills:
 - Level 3.2 Fighting
 + Level 5.4 Axes
 - Level 2.6 Dodging
 * Level 4.0 Shields


You had 5 spell levels left.
You didn't know any spells.
Your spell library was empty.

Dungeon Overview and Level Annotations

Branches:
Dungeon (3/15)

Altars:

Shops:
D:2 (=[*


Innate Abilities, Weirdness & Mutations

Your plain brown scales are hard. (AC +6)
You cannot fit into any form of body armour.
You are cold-blooded and may be slowed by cold attacks.


Message History

Things that are here:
+0 steam dragon scales; a steam dragon corpse You start resting.
You feel a strong urge to attack something.
You start resting.
You feel your anger nearly subside.
You start resting.
You are no longer berserk.
You are exhausted.
You feel yourself slow down.
You start resting.
A wyvern zombie comes into view.
A wyvern zombie is nearby!
Things that are here:
+0 steam dragon scales; a steam dragon corpse You feel better.
The wyvern zombie closely misses you. The wyvern zombie bites you.
You hit the wyvern zombie.
You tail-slap the wyvern zombie, but do no damage.
The wyvern zombie is lightly damaged.
The wyvern zombie closely misses you. The wyvern zombie barely misses you.
You slash the wyvern zombie!
The wyvern zombie is moderately damaged.
The wyvern zombie bites you but does no damage.
The wyvern zombie bites you!
You hit the wyvern zombie but do no damage.
You tail-slap the wyvern zombie.
The wyvern zombie is moderately damaged.
The wyvern zombie closely misses you. The wyvern zombie misses you.
You barely miss the wyvern zombie.
The wyvern zombie is moderately damaged.
The wyvern zombie closely misses you. The wyvern zombie bites you!
The wyvern zombie bites you.
You barely miss the wyvern zombie.
Your tail-slap misses the wyvern zombie.
The wyvern zombie is moderately damaged.
The wyvern zombie bites you!
* * * LOW HITPOINT WARNING * * *
The wyvern zombie bites you!
You die...

# ####
#.###..
#.#...#
#.....#
#.....#
#...Z@#
#.#...#
# ###.#
#.# #.#
#.# #.#
#.# #.#


You could see a wyvern zombie.

Vanquished Creatures
  A steam dragon (D:6)
  A bullfrog (D:3)
  3 adders
  A worm (D:2)
  3 dart slugs (D:1)
  3 ball pythons
  4 bats
  2 endoplasms (D:1)
  4 giant cockroaches
  3 goblins
  9 hobgoblins
  8 jackals
  2 quokkas (D:1)
  7 frilled lizards
  4 kobolds
  9 rats
64 creatures vanquished.

Notes
Turn   | Place    | Note
-------+----------+-------------------------------------------
     0 | D:1      | Froggeryz the Draconian Berserker began the quest for the
                  | Orb.
     0 | D:1      | Reached XP level 1. HP: 19/19 MP: 1/1
   196 | D:1      | Reached XP level 2. HP: 24/26 MP: 2/2
   354 | D:1      | Reached skill level 4 in Axes
   440 | D:1      | Reached XP level 3. HP: 30/31 MP: 3/3
   447 | D:1      | Reached ** piety under Trog
   799 | D:2      | Found Taecwiocou's Weapon Boutique.
   817 | D:2      | Reached skill level 1 in Shields
   986 | D:2      | Found Juob Pau's General Store.
  1001 | D:2      | Reached XP level 4. HP: 37/38 MP: 4/4
  1028 | D:2      | Found Dayple's Antique Armour Boutique.
  1040 | D:2      | Found Fowkup's Jewellery Shop.
  1167 | D:2      | Found a faded altar of an unknown god.
  1571 | D:3      | Noticed a bullfrog
  1578 | D:3      | Killed a bullfrog
  1579 | D:3      | Reached skill level 5 in Axes
  1579 | D:3      | Reached XP level 5. HP: 32/45 MP: 5/5
  1686 | D:3      | Reached *** piety under Trog
  1694 | D:3      | You fall into a shaft and drop 3 floors!
  1694 | D:6      | Noticed a steam dragon
  1699 | D:6      | Killed a steam dragon
  1700 | D:6      | Reached XP level 6. HP: 44/51 MP: 6/6
  1720 | D:6      | Slain by a wyvern zombie

Illustrated notes

Levels and vault maps discovered:
D:1:      lightli_arrival_lavapool, layout_basic,
          hangedman_abyss_or_decor_lesser_grid, st_stairs_10
D:2:      layout_rooms, serial_shops, shop, shop, shop, nicolae_shop_crystal,
          shapermc_ecumenical_altar_venn, st_stairs_13
D:3:      layout_rooms, lemuel_tele_altar, nemelex_dance_club_becter,
          chequers_serial_rivers_micro_b
D:6:      layout_basic, beargit_hepliaklqana_dungeon_heroes,
          pdpol_wu_jian_five_deadly_venoms, general_overflow_altar,
          small_statue_intersection

Skill      XL: |  1  2  3  4  5 |
---------------+----------------+-----
Axes           | 4 5 |  5.4
Shields        | 1 2 4 |  4.0
Fighting       | |  3.2
Dodging        | |  2.6

Action                   |  1- 3 |  4- 6 || total
-------------------------+-------+-------++-------
Melee: Hand axe          |   100 |    55 ||   155
       Tailslap          |    13 |    11 ||    24
Invok: Berserk           |     1 |     1 ||     2
  Use: Scroll            |       |     1 ||     1
       Potion            |       |     1 ||     1
 Stab: Sleeping          |       |     1 ||     1
Armor: Skin              |    37 |    23 ||    60
Dodge: Dodged            |    71 |    32 ||   103

Table legend: (Time is in decaauts)
 A = Elapsed time spent in this place.
 B = Non-inter-level travel time spent in this place.
 C = Inter-level travel time spent in this place.
 D = Time resting spent in this place.
 E = Time spent auto-exploring this place.
 F = Levels seen in this place.
 G = Mean time per level.
                   A        B        C        D        E       F      G
               +--------+--------+--------+--------+--------+-----+--------+
         Total |   1747 |   1717 |     30 |    197 |   1195 |   4 |  436.8 |
       Dungeon |   1747 |   1717 |     30 |    197 |   1195 |   4 |  436.8 |
               +--------+--------+--------+--------+--------+-----+--------+

Top non-repeatable levels by time:
     D:1: 816 daAuts
     D:2: 584 daAuts
     D:3: 315 daAuts
     D:6: 31 daAuts
